 Dungeon Crawl Stone Soup version 0.30.2 (webtiles) character file.

Game seed: 9087121439927490749

113 porpoise the Shooter (level 4, -5/40 HPs)
             Began as a Minotaur Hunter on Mar 3, 2024.
             Slain by Grinder (7 damage)
             ... on level 3 of the Dungeon.
             The game lasted 00:04:53 (2031 turns).

porpoise the Shooter (Minotaur Hunter)              Turns: 2031, Time: 00:04:54

Health: -5/40      AC:  3    Str: 16    XL:     4   Next: 65%
Magic:  3/3        EV: 12    Int:  6    God:
Gold:   152        SH:  0    Dex: 15    Spells: 3/3 levels left

rFire   . . .        a - +0 shortbow
rCold   . . .        (shield currently unavailable)
rNeg    . . .        c - +0 leather armour
rPois   .            (helmet restricted)
rElec   .            (no cloak)
rCorr   .            (no gloves)
SInv    .            (no boots)
Will    .....        (no amulet)
Stlth   +            (no ring)
HPRegen 0.26/turn    (no ring)
MPRegen 0.08/turn

%: no passive effects
@: no status effects
A: horns 2, retaliatory headbutt
a: no special abilities


You were on level 3 of the Dungeon.
You visited 1 branch of the dungeon, and saw 3 of its levels.

You collected 152 gold pieces.

Inventory:

Hand Weapons
 a - a +0 shortbow (weapon)
Missiles
 h - 4 javelins
 n - 2 poisoned darts
Armour
 c - a +0 leather armour (worn)
Jewellery
 m - a ring of protection from fire
Scrolls
 b - a scroll of immolation
 e - a scroll of fog
 f - a scroll of teleportation
 g - a scroll of amnesia {unknown}
 i - a scroll of summoning {unknown}
 j - a scroll of noise {unknown}
 o - a scroll of identify {unknown}
Potions
 d - a potion of brilliance {unknown}
 k - a potion of heal wounds {unknown}
 l - a potion of degeneration {unknown}


   Skills:
 + Level 3.6 Fighting
 * Level 5.8 Ranged Weapons
 - Level 2.0 Armour
 - Level 2.1 Dodging
 - Level 0.7 Stealth


You had 3 spell levels left.
You didn't know any spells.
Your spell library was empty.

Dungeon Overview and Level Annotations

Branches:
Dungeon (3/15)

Altars:
The Shining One

Annotations:
D:3 Grinder


Innate Abilities, Weirdness & Mutations

You have a pair of horns on your head.
You reflexively headbutt those who attack you in melee.


Message History

The arrow hits Grinder but does no damage.
Grinder is moderately wounded.
Grinder completely misses you.
You shoot an arrow. The arrow barely misses Grinder.
Grinder hits you but does no damage.
You shoot an arrow. The arrow hits Grinder.
Grinder is moderately wounded.
Grinder hits you!
You writhe in agony.
You shoot an arrow. The arrow closely misses Grinder.
Grinder gestures at you. Pain shoots through your body!
Grinder gestures at you.
You barely resist. You shoot an arrow.
The arrow hits Grinder but does no damage.
Grinder is moderately wounded.
Grinder gestures at you.
You barely resist. You shoot an arrow.
The arrow hits Grinder but does no damage.
Grinder is moderately wounded.
Grinder blinks!
You shoot an arrow. The arrow closely misses Grinder.
You shoot an arrow. The arrow barely misses Grinder.
You shoot an arrow. The arrow hits Grinder.
Grinder is moderately wounded.
You shoot an arrow. The arrow hits Grinder.
Grinder is heavily wounded.
Grinder gestures at you.
You barely resist. You shoot an arrow. The arrow closely misses Grinder.
Grinder hits you!
You are too injured to fight recklessly!
You shoot an arrow. The arrow hits Grinder.
Grinder is heavily wounded.
Grinder hits you but does no damage. Grinder gestures at you.
Pain shoots through your body!
* * * LOW HITPOINT WARNING * * *
You shoot an arrow. The arrow closely misses Grinder.
Grinder hits you!
You die...

.+.$_. #$..$ . $...
###### # ### #....# .
.. #....# . ###.
#####....# .
...#...###........# .
#.....5@....##....#
##.#.#####..#####.#
#......# #.#
#.###.######.#
#............#
..#####.#############
........<............
#####################


You could see Grinder.

Vanquished Creatures
  4 adders
  A worm (D:2)
  A dart slug (D:3)
  6 ball pythons
  7 bats
  10 endoplasms
  3 giant cockroaches
  4 goblins
  2 hobgoblins (D:2)
  10 jackals (D:1)
  7 kobolds
  A quokka (D:1)
  6 frilled lizards
  4 rats
66 creatures vanquished.

Notes
Turn   | Place    | Note
-------+----------+-------------------------------------------
     0 | D:1      | porpoise the Minotaur Hunter began the quest for the Orb.
     0 | D:1      | Reached XP level 1. HP: 18/18 MP: 0/0
    32 | D:1      | Reached XP level 2. HP: 18/25 MP: 1/1
    38 | D:1      | Reached skill level 1 in Armour
   178 | D:1      | Found a faded altar of an unknown god.
   307 | D:1      | Reached skill level 5 in Ranged Weapons
   373 | D:1      | Reached XP level 3. HP: 31/31 MP: 2/2
  1253 | D:2      | Reached XP level 4. HP: 38/38 MP: 3/3
  2014 | D:3      | Found a glowing golden altar of the Shining One.
  2014 | D:3      | Noticed Grinder
  2030 | D:3      | HP: 2/40 [Grinder/nerve-wracking pain (13)]
  2031 | D:3      | Slain by Grinder

Illustrated notes

Levels and vault maps discovered:
D:1:      wander_arrival_desolate, layout_loops_ring, serial_forest,
          infiniplex_forest_fountain, infiniplex_forest_lined_room_,
          infiniplex_forest_join, infiniplex_forest_straight_4,
          infiniplex_forest_lined_3, infiniplex_forest_clump_diagonal,
          shapermc_ecumenical_altar_hornbeckon, kennysheep_another_room,
          minmay_indecisive_spiral
D:2:      layout_basic, kennysheep_donut
D:3:      layout_basic, amcnicky_altar_gilded, nicolae_overflow_crystal_walls,
          chequers_serial_rivers_micro_b, minmay_ogre_servants, uniq_grinder

Skill      XL: |  1  2  3 |
---------------+----------+-----
Armour         | 1 2 |  2.0
Ranged Weapons | 5 |  5.8
Fighting       | 3 |  3.6
Dodging        | |  2.1
Stealth        | |  0.7

Action                     |  1- 3 |  4- 6 || total
---------------------------+-------+-------++-------
   Fire: Shortbow          |   132 |    58 ||   190
    Use: Scroll            |     1 |     1 ||     2
 Armour: Leather armour    |    30 |     5 ||    35
  Dodge: Dodged            |    44 |    14 ||    58
